Map: Dreamcatcher LE

Players

HugoDom

  • Race: Zerg Zerg
  • League: Platinum
  • Spawn Location: 5:00

Sketchaphone - Winner!

  • Race: Zerg Zerg
  • League: Gold
  • Spawn Location: 11:00

VOD

Have the link to the VOD?

Description

Time

  • Played on: Nov. 10, 2018, 12:38 p.m.
  • Length: 13:03
Show
View Real Time Build Order
Export as new Build Order

HugoDom Zerg 

Build Orders: Pool First, Muta Ling Bane, Zergling Baneling 

Get SALT Encoding   

  12  0:09  Overlord  
  12  0:15  Drone  
  12  0:17  Drone  
  14  0:35  Spawning Pool  
  13  0:39  Drone  
  14  0:43  Drone  
  14  0:48  Drone  
  16  0:55  Drone  
  17  1:04  Drone  
  18  1:18  Hatchery  
  17  1:21  Extractor  
  16  1:26  Drone  
  16  1:27  Drone  
  18  1:37  Queen  
  20  1:48  Drone x2  
  22  2:02  Overlord  
  22  2:07  Extractor  
  21  2:10  Baneling Nest  
  21  2:13  Drone  
  21  2:20  Zergling x2  
  22  2:40  Zergling x6  
  22  2:41  Queen  
  27  2:45  Metabolic Boost  
  27  2:48  Zergling x8  
  31  3:01  Baneling x2  
  31  3:06  Drone x4  
  35  3:48  Baneling x5  
  35  3:49  Baneling x3  
  35  3:59  Drone  
  35  4:01  Overlord x3  
  36  4:07  Lair  
  35  4:25  Drone x3  
  35  4:26  Drone x4  
  42  4:32  Queen  
  42  4:38  Drone x2  
  46  4:45  Roach Warren  
  45  4:54  Zergling x8  
  49  5:11  Baneling x5  
  49  5:12  Baneling  
  49  5:20  Centrifical Hooks  
  49  5:27  Extractor  
  49  5:28  Drone x3, Extractor  
  51  5:30  Drone x3  
  51  5:31  Drone x2  
  49  6:13  Zergling x16  
  56  6:23  Drone  
  57  6:31  Spire  
  57  6:32  Drone  
  57  6:34  Drone  
  57  6:35  Drone  
  57  6:37  Overlord x2  
  59  7:09  Drone x3  
  59  7:13  Zergling x2  
  59  7:14  Zergling x10  
  68  7:26  Baneling x2  
  68  7:52  Mutalisk x4  
  68  7:55  Overlord x2  
  74  8:10  Baneling x2  
  74  8:11  Baneling x7  
  74  8:12  Baneling x4  
  74  8:13  Mutalisk x3  
  74  8:14  Mutalisk x2  
  84  8:24  Mutalisk x3  
  89  8:58  Mutalisk  
  85  9:21  Baneling x3  
  85  9:22  Baneling x8  
  85  9:23  Baneling  
  85  9:27  Spine Crawler  
  85  9:28  Spine Crawler  
  85  9:29  Spine Crawler  
  82  9:32  Spine Crawler  
  82  9:33  Overlord x2, Spine Crawler x2  
  82  9:35  Drone x5  
  69  10:08  Zergling x2  
  69  10:09  Zergling x16  
  55  10:28  Lair  
  43  10:38  Roach x5  
  50  11:00  Roach x2  
  44  11:15  Roach x3  
  50  11:26  Queen  
  50  11:31  Zergling x2  
  49  11:33  Extractor  
  49  11:35  Hatchery  
  49  11:38  Extractor  
  44  11:42  Roach x4  
  42  12:01  Spire  
  42  12:06  Roach x2  
  43  12:47  Hydralisk Den  
Show
View Real Time Build Order
Export as new Build Order

Sketchaphone Zerg - Winner!

Build Orders: Hatch First 

Get SALT Encoding   

  12  0:01  Drone  
  13  0:12  Overlord  
  13  0:16  Drone  
  14  0:31  Drone  
  14  0:32  Drone  
  16  0:37  Drone  
  17  0:57  Hatchery  
  16  1:12  Spawning Pool  
  15  1:24  Drone x2  
  17  1:29  Extractor  
  16  1:38  Overlord, Drone  
  17  1:47  Drone  
  18  2:02  Drone  
  18  2:04  Queen  
  21  2:12  Zergling x4  
  23  2:21  Drone  
  24  2:25  Zergling x2  
  24  2:33  Zergling x2  
  25  2:38  Overlord  
  25  2:39  Zergling x2  
  25  2:40  Queen, Drone  
  29  3:04  Zergling x6  
  29  3:05  Zergling x2  
  33  3:12  Queen  
  35  3:23  Zergling x8  
  35  3:25  Hatchery  
  38  3:29  Drone x2  
  40  3:40  Drone  
  40  3:41  Overlord  
  41  3:44  Metabolic Boost  
  41  3:58  Drone x3  
  44  4:03  Drone  
  44  4:20  Drone  
  44  4:21  Drone x5  
  44  4:23  Roach Warren  
  49  4:33  Drone x2  
  49  4:34  Overlord  
  49  4:35  Overlord  
  51  4:53  Overlord  
  51  4:54  Overlord, Drone  
  51  4:55  Drone  
  53  5:05  Overlord, Drone  
  53  5:06  Drone x7  
  61  5:12  Drone x3  
  64  5:32  Evolution Chamber  
  64  5:35  Evolution Chamber  
  62  5:44  Lair  
  62  5:48  Extractor  
  49  6:08  Drone  
  49  6:09  Drone x13  
  59  6:17  Queen x2  
  63  6:21  Spine Crawler, Drone  
  63  6:22  Drone x3  
  66  6:26  Overlord  
  66  6:32  Zerg Ground Armor Level 1  
  66  6:33  Spine Crawler  
  66  6:34  Zerg Missile Weapons Level 1  
  66  6:36  Drone x2  
  66  6:38  Extractor  
  66  6:40  Extractor  
  65  6:48  Extractor  
  65  6:53  Queen  
  64  7:03  Drone x3  
  64  7:04  Drone x8  
  75  7:12  Glial Reconstitution  
  76  7:15  Drone  
  76  7:16  Roach  
  76  7:17  Roach x3, Hydralisk Den  
  83  7:40  Roach  
  83  7:41  Roach x8, Zergling x2  
  100  7:44  Drone  
  100  7:46  Drone x2  
  100  7:47  Roach  
  105  7:53  Overlord  
  94  8:10  Roach  
  94  8:11  Roach x7  
  109  8:18  Hydralisk x2  
  113  8:47  Overlord x3  
  113  8:48  Zerg Missile Weapons Level 2  
  113  8:49  Zerg Ground Armor Level 2  
  113  8:53  Muscular Augments  
  113  9:05  Spine Crawler  
  113  9:07  Overseer  
  112  9:12  Overseer  
  99  9:25  Roach  
  99  9:26  Roach x16  
  133  9:34  Drone  
  133  9:37  Roach  
  136  9:40  Spine Crawler  
  136  9:41  Spore Crawler  
  136  9:44  Spore Crawler  
  136  9:45  Spore Crawler  
  129  9:47  Spore Crawler  
  119  9:55  Spore Crawler  
  119  9:57  Spore Crawler  
  101  10:13  Roach x3  
  102  10:24  Roach  
  102  10:26  Drone  
  103  10:48  Roach x2  
  103  10:49  Drone  
  108  11:02  Ravager  
  106  11:13  Ravager x2  
  106  11:14  Ravager x6  
  106  11:15  Ravager  
  104  11:51  Zergling x12  
  91  12:11  Zergling x2  
  91  12:12  Zergling x6  
  92  12:17  Drone  
  93  12:24  Roach  
  95  12:33  Drone  
Tags
 
Add a new tag
Caveats
  • Supply blocks, unpowered buildings, or Contaminate may cause inaccurate times.
  • Supply counts are checked every 10 seconds.